 Dungeon Crawl Stone Soup version 0.23-a0-275-g0cf4261 (webtiles) character file.

16 namelastname112 the Sneak (level 2, 0/25 HPs)
             Began as a Draconian Assassin on Oct 2, 2018.
             Slain by a gnoll
             ... wielding a +0 club
              (7 damage)
             ... on level 2 of the Dungeon.
             The game lasted 00:01:18 (796 turns).

namelastname112 the Sneak (Draconian Assassin)       Turns: 796, Time: 00:01:19

Health: 0/25       AC:  5    Str: 13    XL:     2   Next: 41%
Magic:  2/2        EV: 12    Int: 11    God:
Gold:   60         SH:  0    Dex: 12    Spells: 1/1 levels left

rFire    . . .     SeeInvis .   a - +2 dagger
rCold    . . .     Gourm    .   (no shield)
rNeg     . . .     Faith    .   (armour unavailable)
rPois    .         Spirit   .   (helmet restricted)
rElec    .         Reflect  .   c - +0 cloak
rCorr    .         Harm     .   (no gloves)
MR       .....                  (no boots)
Stlth    ++........             (no amulet)
HPRegen  0.08/turn              (no ring)
MPRegen  0.08/turn              (no ring)

@: about to teleport
A: unfitting armour, cold-blooded, AC +4
a: no special abilities


You were on level 2 of the Dungeon.
You were not hungry.

You visited 1 branch of the dungeon, and saw 2 of its levels.

You collected 60 gold pieces.

Inventory:

Hand Weapons
 a - a +2 dagger (weapon)
 b - a +0 blowgun
Missiles
 d - 8 poisoned needles
 e - 2 curare-tipped needles
Armour
 c - a +0 cloak (worn)
Scrolls
 g - a scroll of teleportation
 h - a scroll of immolation {unknown}
 i - a scroll of enchant armour {unknown}
Potions
 j - a potion of curing
 k - a potion of agility {unknown}
Comestibles
 f - 3 rations


   Skills:
 + Level 2.4 Fighting
 * Level 2.2 Short Blades
 + Level 1.9 Throwing
 + Level 1.1 Dodging
 * Level 3.8 Stealth


You had one spell level left.
You didn't know any spells.
Your spell library was empty.

Dungeon Overview and Level Annotations

Branches:
Dungeon (2/15)

Altars:


Innate Abilities, Weirdness & Mutations

Your plain brown scales are hard. (AC +4)
You cannot fit into any form of body armour.
You are cold-blooded and may be slowed by cold attacks.


Message History

An adder comes into view.
The adder hisses angrily.
Found an escape hatch in the floor.
Found a ring mail.
A frilled lizard comes into view.
The frilled lizard hisses angrily.
The frilled lizard closely misses you. The frilled lizard barely misses you.
As you read the scroll labeled COCSIB VICLA, it crumbles to dust.
You feel strangely unstable.
It was a scroll of teleportation.
The frilled lizard bites you.
* * * LOW HITPOINT WARNING * * *
You take 1 damage, and have 2/25 hp.
The adder bites you.
* * * LOW HITPOINT WARNING * * *
You are lethally poisoned!
The adder poisons you!
You take 1 damage, and have 1/25 hp.
It was a potion of curing.
You feel better. The gnoll hits you with a club!
You die...

.. ##..<.# #.....#
#gg...# #g##### #.#
..###.########
............>###
...........g..g######
....########g.lS@...#
...# #...g....# ##.
#........# #
#........# ##########


You could see 4 gnolls, an adder and a frilled lizard.

Vanquished Creatures
  A ball python (D:1)
  2 goblins (D:1)
  4 bats (D:1)
  A frilled lizard (D:1)
  2 kobolds (D:1)
  9 rats (D:1)
19 creatures vanquished.

Notes
Turn   | Place    | Note
-------+----------+-------------------------------------------
     0 | D:1      | namelastname112 the Draconian Assassin began the quest for
                  | the Orb.
     0 | D:1      | Reached XP level 1. HP: 17/17 MP: 1/1
   108 | D:1      | Reached skill level 1 in Dodging
   266 | D:1      | Reached XP level 2. HP: 25/25 MP: 2/2
   774 | D:2      | Noticed a fire elemental
   795 | D:2      | HP: 1/25 [adder (1)]
   796 | D:2      | Slain by a gnoll

Vault maps used:
D:1:      minmay_arrival_wavy_path, minmay_rat_gold_closets
D:2:      nemelex_altar_shiori, evilmike_ruin_ashenzari,
          nicolae_qazlal_style_of_elements

Skill      XL: |  1 |
---------------+----+-----
Dodging        | 1 |  1.1
Fighting       | |  2.4
Short Blades   | |  2.2
Throwing       | |  1.9
Stealth        | |  3.8

Action                   || total
-------------------------++-------
Melee: Dagger            ||    35
       Tailslap          ||     3
  Use: Scroll            ||     1
       Potion            ||     1
 Stab: Sleeping          ||     8
Armor: Skin              ||     9
Dodge: Dodged            ||    20

Table legend:
 A = Non-vault XP
 B = Vault XP
 C = Vault XP percentage of total XP
 D = Non-vault monster count
 E = Vault monster count
 F = Vault count percentage of total count
                 A         B        C        D         E       F
            +---------+---------+-------+---------+---------+-------
      Total |      18 |       6 |  25.0 |      13 |       6 |  31.6
            +---------+---------+-------+---------+---------+-------
        D:1 |      18 |       6 |  25.0 |      13 |       6 |  31.6
            +---------+---------+-------+---------+---------+-------
